 Dungeon Crawl Stone Soup version 0.24.1-8-ga250c9d538 (webtiles) character file.

Game seed: 17228634139541128720, levelgen mode: deterministic

217 Gwenloh the Stinger (level 5, -14/45 HPs)
             Began as a Naga Venom Mage on May 10, 2020.
             Was a Follower of Zin.
             Demolished by a mummy (21 damage)
             ... on level 4 of the Dungeon.
             The game lasted 00:18:31 (3386 turns).

Gwenloh the Stinger (Naga Venom Mage)               Turns: 3386, Time: 00:18:31

Health: -14/45     AC:  2    Str: 11    XL:     5   Next: 94%
Magic:  9/9        EV: 10    Int: 16    God:    Zin [*.....]
Gold:   169        SH:  0    Dex: 11    Spells: 3/9 levels left

rFire    . . .     SeeInvis +   w - +1 trident
rCold    . . .     Gourm    .   (no shield)
rNeg     . . .     Faith    .   a - +0 robe
rPois    +         Spirit   .   (no helmet)
rElec    .         Reflect  .   (no cloak)
rCorr    .         Harm     +   (no gloves)
MR       .....                  (no barding)
Stlth    ++........             r - amulet of harm
HPRegen  0.15/turn              (no ring)
MPRegen  0.11/turn              (no ring)

@: very slow
A: large, see invisible, deformed body, poison resistance, slowness 2, slow
metabolism 1, spit poison 1, AC +1
a: Spit Poison, Recite, Donate Gold, Renounce Religion


You were on level 4 of the Dungeon.
You worshipped Zin.
Zin was aware of your devotion.
You were very hungry.

You visited 1 branch of the dungeon, and saw 4 of its levels.

You collected 187 gold pieces.
You donated 18 gold pieces to Zin.

Inventory:

Hand Weapons
 w - a +1 trident (weapon)
Missiles
 j - 71 stones (quivered)
 p - 41 bolts
 t - 55 arrows
Armour
 a - a +0 robe (worn)
Jewellery
 r - an amulet of harm (around neck)
 u - an uncursed amulet of guardian spirit {unknown}
 x - an uncursed amulet of the acrobat {unknown}
Wands
 h - a wand of paralysis (6)
 m - a wand of enslavement (5)
 y - a wand of acid (10)
Scrolls
 b - 2 scrolls of magic mapping {unknown}
 g - a scroll of fear
 i - 4 scrolls of identify {unknown}
 k - 2 scrolls of teleportation
 o - 2 scrolls of remove curse
 q - a scroll of amnesia
Potions
 d - 2 potions of curing {unknown}
 e - a potion of degeneration {unknown}
 f - a potion of flight {unknown}
 l - 3 potions of heal wounds {unknown}
 n - 2 potions of agility {unknown}
 s - a potion of mutation {unknown}
 v - a potion of ambrosia {unknown}
Comestibles
 c - 6 rations
 z - a chunk of flesh


   Skills:
 + Level 1.8 Fighting
 + Level 2.3 Dodging
 - Level 3.0 Stealth
 + Level 2.8 Spellcasting
 + Level 2.1 Conjurations
 + Level 1.4 Air Magic
 * Level 5.7 Poison Magic


You had 3 spell levels left.
You knew the following spells:

 Your Spells              Type           Power        Failure   Level  Hunger
a - Sting                 Conj/Pois      ##..         3%          1    #......
b - Poisonous Vapours     Pois/Air       ##....       7%          2    ##.....
c - Mephitic Cloud        Conj/Pois/Air  ##......     16%         3    ###....

Your spell library contained the following spells:

 Spells                   Type           Power        Failure   Level  Hunger
 Confusing Touch          Hex            #.....       19%         1    #......
 Confuse                  Hex            #.......     50%         3    ###....
 Gell's Gravitas          Tloc           #.........   50%         3    ###....
 Olgreb's Toxic Radiance  Pois           ###.....     19%         4    #####..
 Venom Bolt               Conj/Pois      ##........   71%         5    ######.
 Petrify                  Tmut/Erth      #.......     88%         4    #####..
 Metabolic Englaciation   Hex/Ice        #.........   99%         5    ######.
 Yara's Violent Unravell  Hex/Tmut       #.........   99%         5    ######.


Dungeon Overview and Level Annotations

Branches:
Dungeon (4/15)
 Temple: D:4-7

Altars:
Fedhas
Gozag
Hepliaklqana
Qazlal
Trog
Uskayaw
Zin

Portals:
Ossuary: D:4

Annotations:
D:3 3 runed translucent doors, Sassenached's ghost, weakling HOWn


Innate Abilities, Weirdness & Mutations

You cannot wear boots.
Your serpentine skin is tough. (AC +1)
You have supernaturally acute eyesight. (SInv)
Armour fits poorly on your strangely shaped body.
Your system is resistant to poisons. (rPois)
You cover ground very slowly.
You have a slow metabolism.
You can spit poison.


Message History

The mummy closely misses you.
You hit the mummy.
The mummy is severely damaged.
The mummy hits you!!
Ouch! That really hurt!
You are too injured to fight recklessly!
You are too injured to fight recklessly!
You hit the mummy but do no damage.
The mummy is severely damaged.
The mummy hits you!
* * * LOW HITPOINT WARNING * * *
You hit the mummy.
The mummy is severely damaged.
The mummy misses you.
You barely miss the mummy.
The mummy is severely damaged.
You hit the mummy.
The mummy is almost destroyed.
The mummy hits you!!
You die...

#..#............
####..###....#......
.....##.##..........
....###'###...##....
#.......#..# ....
###.....###....###
#∩##...##.##...#
#..###M###.###'###..#
.....!.@..............
#.####.......#.##......
#.........# ###.
...(.....####
........(.#
(...#......#
....#....?.#
....######.#


You could see a mummy.

Vanquished Creatures
  2 orc priests (D:3)
  An orc wizard (D:3)
  A worker ant (D:4)
  3 adders (D:2)
  An ooze (D:1)
  3 worms
  6 orcs (D:3)
  5 bats
  3 giant cockroaches (D:3)
  4 goblins
  10 hobgoblins
  5 jackals
  A quokka (D:2)
  5 frilled lizards
  A goblin zombie (D:4)
  4 kobolds
  A kobold zombie (D:4)
  7 rats
63 creatures vanquished.

Notes
Turn   | Place    | Note
-------+----------+-------------------------------------------
     0 | D:1      | Gwenloh the Naga Venom Mage began the quest for the Orb.
     0 | D:1      | Reached XP level 1. HP: 15/15 MP: 3/3
   133 | D:1      | Reached XP level 2. HP: 24/24 MP: 0/5
   736 | D:2      | Learned a level 2 spell: Poisonous Vapours
   738 | D:2      | Reached XP level 3. HP: 30/30 MP: 3/6
   920 | D:2      | Found a hazy altar of Hepliaklqana.
   990 | D:2      | Reached skill level 1 in Fighting
  1091 | D:2      | Found a blossoming altar of Fedhas.
  1091 | D:2      | Found a stormy altar of Qazlal.
  1183 | D:2      | Learned a level 3 spell: Mephitic Cloud
  1450 | D:2      | Reached XP level 4. HP: 36/38 MP: 1/7
  1608 | D:2      | Reached skill level 5 in Poison Magic
  1835 | D:2      | Found a glowing silver altar of Zin.
  1836 | D:2      | Found an opulent altar of Gozag.
  1836 | D:2      | Found a bloodstained altar of Trog.
  1840 | D:2      | Found a hide-covered altar of Uskayaw.
  1844 | D:2      | Became a worshipper of Zin the Law-Giver
  1844 | D:2      | Reached * piety under Zin
  2328 | D:3      | Found a runed translucent gate.
  2328 | D:3      | Found a runed translucent gate.
  2377 | D:3      | Reached skill level 1 in Air Magic
  2413 | D:3      | Reached XP level 5. HP: 44/44 MP: 2/9
  3292 | D:3      | Found a runed translucent gate.
  3293 | D:3      | Noticed Sassenached's ghost (weakling HOWn)
  3376 | D:4      | Found a sand-covered staircase.
  3386 | D:4      | Demolished by a mummy

Levels and vault maps discovered:
D:1:      lemuel_arrival_funnel, layout_rooms, minmay_misc_feat_five
D:2:      layout_loops_corners, grunt_temple_overflow_forces_of_nature,
          minitemple, first_ration
D:3:      layout_basic, gammafunk_ghost_necromancy
D:4:      layout_rooms, nicolae_ossuary_entry_giza,
          nicolae_dithmenos_the_darkroom

Skill      XL: |  1  2  3  4  5 |
---------------+----------------+-----
Fighting       | 1 |  1.8
Poison Magic   | 5 |  5.7
Dodging        | 2 |  2.3
Air Magic      | 1 |  1.4
Conjurations   | 2 |  2.1
Stealth        | |  3.0
Spellcasting   | |  2.8

Action                   |  1- 3 |  4- 6 || total
-------------------------+-------+-------++-------
Melee: Unarmed           |     3 |       ||     3
       Spear             |    35 |    14 ||    49
       Trident           |       |    29 ||    29
Throw: Stone             |     6 |     4 ||    10
 Cast: Sting             |    25 |    16 ||    41
       Poisonous Vapours |    14 |    14 ||    28
       Mephitic Cloud    |       |     2 ||     2
 Abil: Spit Poison       |     4 |     4 ||     8
  Use: Scroll            |     1 |     5 ||     6
 Stab: Sleeping          |       |     2 ||     2
  Eat: Chunk             |     2 |     2 ||     4
       Ration            |       |     1 ||     1
Armor: Robe              |     7 |     3 ||    10
Dodge: Dodged            |    23 |    16 ||    39
